 Dungeon Crawl Stone Soup version 0.26-a0-606-g3c8f2f65f7 (webtiles) character file.

Game seed: 17512697062128980901

1159 Mitsuki the Firebug (level 8, -1/46 HPs)
             Began as a Deep Elf Fire Elementalist on Sept 1, 2020.
             Was a Follower of Vehumet.
             Slain by Duvessa
             ... wielding a +0 rapier
              (15 damage)
             ... on level 5 of the Dungeon.
             The game lasted 00:21:58 (6286 turns).

Mitsuki the Firebug (Deep Elf Fire Elementalist)    Turns: 6286, Time: 00:21:58

Health: -1/46      AC:  5    Str:  5    XL:     8   Next: 16%
Magic:  2/17       EV: 16    Int: 24    God:    Vehumet [*.....]
Gold:   325        SH:  0    Dex: 19    Spells: 15/17 levels left

rFire    . . .     SeeInvis .   x - +2 halberd (vorpal)
rCold    . . .     Faith    .   (shield currently unavailable)
rNeg     . . .     Spirit   .   a - +0 robe
rPois    +         Reflect  .   w - +0 hat {Int+3}
rElec    .         Harm     .   f - +0 cloak
rCorr    .                      (no gloves)
MR       .....                  (no boots)
Stlth    ++........             (no amulet)
HPRegen  0.15/turn              h - ring of poison resistance
MPRegen  0.15/turn              (no ring)

@: no status effects
A: slimy green scales 1, agile 2, blurry vision 1, weak 1, subdued magic 1,
MP-powered wands
a: Renounce Religion


You were on level 5 of the Dungeon.
You worshipped Vehumet.
Vehumet was aware of your devotion.
You visited 2 branches of the dungeon, and saw 6 of its levels.

You collected 325 gold pieces.

Inventory:

Hand Weapons
 x - a +2 vorpal halberd (weapon)
Armour
 a - a +0 robe (worn)
 f - a +0 cloak (worn)
 w - a +0 hat of intelligence (worn)
Magical Staves
 p - an uncursed staff of poison
Jewellery
 h - a ring of poison resistance (left hand)
Wands
 t - a wand of iceblast (6)
 u - a wand of flame (21)
Scrolls
 b - 4 scrolls of teleportation {unknown}
 c - 2 scrolls of blinking {unknown}
 d - 7 scrolls of identify
 i - 4 scrolls of fear {unknown}
 k - a scroll of random uselessness {unknown}
 l - 2 scrolls of remove curse {unknown}
Potions
 e - a potion of magic {unknown}
 g - a potion of brilliance {unknown}
 j - 2 potions of degeneration {unknown}
 m - a potion of heal wounds {unknown}
 n - 2 potions of haste {unknown}
 o - a potion of ambrosia {unknown}
 r - a potion of flight {unknown}
 s - 2 potions of curing {unknown}
 v - a potion of invisibility {unknown}


   Skills:
 + Level 3.0 Fighting
 + Level 5.3 Dodging
 - Level 2.4 Stealth
 - Level 5.2 Spellcasting
 + Level 4.5 Conjurations
 * Level 7.2 Fire Magic


You had 15 spell levels left.
You knew the following spells:

 Your Spells              Type           Power        Failure   Level
a - Foxfire               Conj/Fire      ####         1%          1
b - Magic Dart            Conj           ###.         1%          1

Your spell library contained the following spells:

 Spells                   Type           Power        Failure   Level
 Conjure Flame            Conj/Fire      ####....     1%          3
 Inner Flame              Hex/Fire       ###.....     4%          3
 Sticky Flame             Conj/Fire      ####....     6%          4
 Fireball                 Conj/Fire      ####......   19%         5


Dungeon Overview and Level Annotations

Branches:
Dungeon (5/15)             Temple (1/1) D:4

Altars:
Ashenzari
Cheibriados
Dithmenos
Elyvilon
Fedhas
Gozag
Hepliaklqana
Kikubaaqudgha
Makhleb
Nemelex Xobeh
Okawaru
Qazlal
Ru
Sif Muna
Trog
Uskayaw
Vehumet
Wu Jian
Xom
Zin
The Shining One

Annotations:
D:5 Dowan, Duvessa


Innate Abilities, Weirdness & Mutations

You are partially covered in slimy green scales. (AC +2)
You are very agile. (Dex +4)
Scrolls take you a little longer to read.
You are weak. (Str -2)
Your spells are a little easier to cast, but a little less powerful.
You expend magic power (3 MP) to strengthen your wands.


Message History

* * * LOW MAGIC WARNING * * *
The foxfire hits Duvessa.
Duvessa is heavily wounded.
The foxfire hits Duvessa but does no damage.
Duvessa is heavily wounded.
The foxfire hits Duvessa but does no damage.
Duvessa is heavily wounded.
The foxfire hits Duvessa but does no damage.
Duvessa is heavily wounded.
Duvessa hits you with a +0 rapier!
You take 8 damage, and have 14/46 hp.
You now have 3/17 mp.
Casting: Foxfire (safe; 1% risk of failure)
Confirm with . or Enter, or press ? or * to list all spells.
You conjure some foxfire!
* * * LOW MAGIC WARNING * * *
The foxfire hits Duvessa but does no damage.
Duvessa is heavily wounded.
Duvessa says, "Where magic fails, the sword succeeds!"
Duvessa hits you with a +0 rapier!
You die...

#.......### #....####.#
#.###.#.# #.........#
#.# #.#.# ###.#######
#.###.#.# #.# #.##.(#.#
##'## #.......# ##.(.##
#..#.#..# ##.....##
#..#.#vv# ##.......##
#.....§@####.........###
##....§.e..'.........+..
#..#...####....)...>###
#..##.## ##.......##
#.....# ##.....##
##.#### ##...## #.#
##'## #.# #.# #.#######
#.#


You could see Duvessa.

Vanquished Creatures
  Sigmund (D:2)
  A sky beast (D:5)
  Blork the orc (D:5)
  2 scorpions (D:4)
  3 electric eels (D:3)
  2 bullfrog skeletons
  4 hounds
  A jelly (D:5)
  An orc priest (D:4)
  Crazy Yiuf (D:5)
  2 orc wizards (D:4)
  An iguana (D:4)
  2 worker ants
  A howler monkey skeleton (D:4)
  9 adders
  A shadow imp (D:5)
  A white imp (D:5)
  An ufetubus (D:5)
  3 oozes
  2 adder skeletons (D:4)
  5 worms
  3 dart slugs
  2 leopard geckos
  5 orcs
  3 ball pythons
  8 bats
  5 giant cockroaches
  12 hobgoblins
  8 jackals
  4 quokkas
  3 frilled lizards
  7 goblins
  6 kobolds
  4 rats (D:1)
115 creatures vanquished.

Vanquished Creatures (others)
  483 foxfires
  3 plants
486 creatures vanquished.

Grand Total: 601 creatures vanquished

Notes
Turn   | Place    | Note
-------+----------+-------------------------------------------
     0 | D:1      | Mitsuki the Deep Elf Fire Elementalist began the quest for
                  | the Orb.
     0 | D:1      | Reached XP level 1. HP: 10/10 MP: 6/6
   338 | D:1      | Reached XP level 2. HP: 15/15 MP: 2/8
   811 | D:1      | Reached XP level 3. HP: 20/20 MP: 7/9
  1056 | D:2      | Reached skill level 4 in Fire Magic
  1261 | D:2      | Reached skill level 1 in Fighting
  1261 | D:2      | Reached XP level 4. HP: 25/25 MP: 8/11
  1346 | D:2      | Found a shimmering blue altar of Sif Muna.
  1349 | D:2      | Found a shattered altar of Ashenzari.
  1352 | D:2      | Found an iron altar of Okawaru.
  1593 | D:2      | Noticed Sigmund
  1877 | D:2      | Killed Sigmund
  1877 | D:2      | Reached skill level 5 in Fire Magic
  1877 | D:2      | Reached XP level 5. HP: 29/29 MP: 4/13
  2146 | D:3      | Reached XP level 6. HP: 29/35 MP: 7/14
  2427 | D:3      | Found a transporter.
  2438 | D:3      | Found a transporter.
  3868 | D:3      | Gained mutation: Your magical capacity is low. (-10% MP)
                  | [potion of mutation]
  3868 | D:3      | Gained mutation: You are agile. (Dex +2) [potion of
                  | mutation]
  3868 | D:3      | Gained mutation: You are partially covered in slimy green
                  | scales. (AC +2) [potion of mutation]
  3868 | D:3      | Gained mutation: You are very agile. (Dex +4) [potion of
                  | mutation]
  3869 | D:3      | Lost mutation: Your magical capacity is low. (-10% MP)
                  | [potion of mutation]
  3869 | D:3      | Gained mutation: Your spells are a little easier to cast,
                  | but a little less powerful. [potion of mutation]
  3869 | D:3      | Gained mutation: Scrolls take you a little longer to read.
                  | [potion of mutation]
  3869 | D:3      | Gained mutation: You are weak. (Str -2) [potion of
                  | mutation]
  3869 | D:3      | Gained mutation: You expend magic power (3 MP) to
                  | strengthen your wands. [potion of mutation]
  3992 | D:4      | Reached XP level 7. HP: 40/40 MP: 9/16
  4126 | D:4      | Found a staircase to the Ecumenical Temple.
  4136 | Temple   | Entered the Ecumenical Temple
  4324 | Temple   | Became a worshipper of Vehumet
  4437 | D:4      | Reached skill level 5 in Spellcasting
  4437 | D:4      | Reached skill level 6 in Fire Magic
  4717 | D:4      | Noticed a troll
  4876 | D:4      | Found a burning altar of Makhleb.
  5062 | D:4      | Found an opulent altar of Gozag.
  5282 | D:5      | Entered Level 5 of the Dungeon
  5474 | D:5      | Noticed Blork the orc
  5484 | D:5      | Killed Blork the orc
  5484 | D:5      | Reached skill level 5 in Dodging
  5915 | D:5      | Reached * piety under Vehumet
  5915 | D:5      | Offered knowledge of Magic Dart by Vehumet.
  5915 | D:5      | Reached skill level 7 in Fire Magic
  5915 | D:5      | Reached XP level 8. HP: 45/45 MP: 12/17
  5918 | D:5      | Learned a level 1 spell: Magic Dart
  6123 | D:5      | Found a runed translucent door.
  6124 | D:5      | Noticed Crazy Yiuf
  6140 | D:5      | Killed Crazy Yiuf
  6257 | D:5      | Noticed Duvessa
  6257 | D:5      | Noticed Dowan
  6286 | D:5      | Slain by Duvessa

Illustrated notes

Levels and vault maps discovered:
D:1:      dpeg_arrival_chambers_temple_mockup, layout_rooms, minmay_crystal_room
D:2:      layout_rooms, grunt_temple_overflow_diamond, uniq_sigmund
D:3:      gammafunk_steamed_eel, layout_basic, hangedman_abyss_or_decor_stabs
D:4:      minmay_angry_zag, layout_loops_cross,
          nicolae_gozag_cash_rules_everything_around_me,
          makhleb_blood_cavern_becter, minmay_temple_entry_large_hall,
          lightli_corner_chamber
D:5:      layout_loops_corners, serial_bayou_pond_a, uniq_duvessa,
          uniq_crazy_yiuf_cottage, uniq_blork_the_orc
Temple:   eino_temple_scatter_basement

Skill      XL: |  1  2  3  4  5  6  7  8 |
---------------+-------------------------+-----
Fire Magic     | 4 5 7 |  7.2
Dodging        | 3 4 5 |  5.3
Fighting       | 1 2 3 |  3.0
Conjurations   | 2 3 4 |  4.5
Spellcasting   | 4 5 |  5.2
Stealth        | |  2.4

Action                   |  1- 3 |  4- 6 |  7- 9 || total
-------------------------+-------+-------+-------++-------
Melee: Dagger            |     3 |     6 |    27 ||    36
       Halberd           |       |       |    14 ||    14
 Cast: Foxfire           |    60 |   121 |   112 ||   293
  Use: Potion            |       |     2 |       ||     2
       Scroll            |       |     1 |       ||     1
 Stab: Sleeping          |     2 |     2 |     3 ||     7
Armor: Robe              |       |     8 |    23 ||    31
Dodge: Dodged            |     5 |    44 |    65 ||   114

Table legend: (Time is in decaauts)
 A = Elapsed time spent in this place.
 B = Non-inter-level travel time spent in this place.
 C = Inter-level travel time spent in this place.
 D = Time resting spent in this place.
 E = Time spent auto-exploring this place.
 F = Levels seen in this place.
 G = Mean time per level.
                   A        B        C        D        E       F      G
               +--------+--------+--------+--------+--------+-----+--------+
         Total |   6285 |   6035 |    250 |    733 |   4243 |   6 | 1047.5 |
       Dungeon |   6083 |   5845 |    238 |    733 |   4085 |   5 | 1216.6 |
        Temple |    201 |    189 |     12 |      0 |    158 |   1 |  201.0 |
               +--------+--------+--------+--------+--------+-----+--------+

Top non-repeatable levels by time:
     D:3: 1586 daAuts
     D:4: 1373 daAuts
     D:1: 1086 daAuts
     D:2: 1083 daAuts
     D:5: 953 daAuts
  Temple: 201 daAuts
